 Seeded DCSS version 0.29.0-11-gd7f09526c8 (webtiles) character file.

Game seed: 11434976074280936760 (custom seed)

72 bwicke the Chopper (level 4, -4/36 HPs)
             Began as a Palentonga Gladiator on Sept 3, 2022.
             Slain by a gnoll
             ... wielding a +0 halberd
              (10 damage)
             ... on level 2 of the Dungeon on Sept 4, 2022.
             The game lasted 00:04:50 (973 turns).

bwicke the Chopper (Palentonga Gladiator)            Turns: 973, Time: 00:04:51

Health: -4/36      AC:  5    Str: 21    XL:     4   Next: 7%
Magic:  4/4        EV: 10    Int: 15    God:
Gold:   46         SH:  0    Dex: 11    Spells: 3/3 levels left

rFire   . . .      SeeInvis +   g - +3 lajatang (speed)
rCold   . . .      Faith    .   (shield currently unavailable)
rNeg    . . .      Spirit   .   b - +0 leather armour
rPois   .          Reflect  .   c - +0 helmet
rElec   .          Harm     .   (no cloak)
rCorr   .          Rampage  .   (no gloves)
Will    .....                   (no barding)
Stlth   +.........              (no amulet)
HPRegen 0.12/turn               f - +6 ring of intelligence
MPRegen 0.09/turn               (no ring)

@: attractive
A: large, rugged brown scales 3, see invisible, deformed body, roll 1, armoured
tail
a: Rolling Charge


You were on level 2 of the Dungeon.
You visited 1 branch of the dungeon, and saw 2 of its levels.

You collected 46 gold pieces.

Inventory:

Hand Weapons
 a - a +0 war axe
 g - a +3 lajatang of speed (weapon)
Missiles
 d - 3 throwing nets
 e - a javelin
Armour
 b - a +0 leather armour (worn)
 c - a +0 helmet (worn)
Jewellery
 f - a +6 ring of intelligence (left hand)
Potions
 i - a potion of invisibility {unknown}


   Skills:
 + Level 2.7 Fighting
 - Level 4.1 Axes
 - Level 1.5 Throwing
 - Level 2.8 Dodging


You had 3 spell levels left.
You didn't know any spells.
Your spell library contained the following spells:

 Spells                   Type           Power      Damage    Failure   Level
 Gell's Gravitas          Tloc           0%         N/A       67%         3
 Teleport Other           Tloc           0%         N/A       67%         3
 Dispersal                Tloc           0%         N/A       100%        6


Dungeon Overview and Level Annotations

Branches:
Dungeon (2/15)

Altars:


Innate Abilities, Weirdness & Mutations

You are completely covered in rugged brown scales. (AC +3, +7% HP)
You have supernaturally acute eyesight. (SInv)
Armour fits poorly on your strangely shaped body.
You can roll at nearby foes to attack.
You have a long armoured tail.


Message History

g - a +3 lajatang of speed (weapon)
You feel sick. The gnoll hits you but does no damage.
The adder bites you but does no damage.
You slash the adder!
You kill the adder!
You feel sick.
You are no longer poisoned.
The gnoll hits you from afar with a +0 spear.
The endoplasm is attracted toward you. The gnoll is attracted toward you.
Your Axes skill increases to level 4!
You slash the endoplasm!
You kill the endoplasm!
The gnoll is attracted toward you.
You closely miss the gnoll.
Your tail-slap misses the gnoll.
The gnoll closely misses you. The gnoll is attracted toward you.
You barely miss the gnoll. The gnoll hits you with a +0 spear.
You barely miss the gnoll. The gnoll barely misses you.
You barely miss the gnoll. The gnoll hits you with a +0 spear.
You slash the gnoll! You tail-slap the gnoll.
You kill the gnoll!
You slice the endoplasm!!
You kill the endoplasm!
The gnoll barely misses you. The jackal is attracted toward you.
The jackal barks!
You slice the gnoll!!
You kill the gnoll!
The gnoll hits you from afar with a +0 halberd!
* * * LOW HITPOINT WARNING * * *
You have reached level 4!
You feel clever. The jackal bites you.
* * * LOW HITPOINT WARNING * * *
You slash the jackal!
You kill the jackal!
The gnoll barely misses you. The gnoll is attracted toward you.
You closely miss the gnoll. The gnoll hits you but does no damage.
You slash the gnoll!
The gnoll is almost dead.
The gnoll hits you with a +0 halberd!
You die...

# .# .# . . ####. .##
#.####.. ... ..# #......
.##..# #.## ##....##.#
#...##..## ...##....#
#..@...# ....##.###
####g#....## ###. ....##...##
#ยง## #..##... ..........####
#..# .#..# .............#
##.####...###. ......#)#.####
#......#..... ......#.#...#
##........... ....###.###.###
#.##...##.##
....#.....#...#####.##.#h...#


You could see a gnoll.

Vanquished Creatures
  2 gnolls (D:2)
  An adder (D:2)
  A worm (D:2)
  A dart slug (D:2)
  4 ball pythons (D:1)
  3 bats (D:1)
  4 endoplasms
  A giant cockroach (D:1)
  2 goblins (D:1)
  3 hobgoblins
  4 jackals
  3 quokkas (D:1)
  A frilled lizard (D:1)
  4 kobolds
  2 rats
36 creatures vanquished.

Notes
Turn   | Place    | Note
-------+----------+-------------------------------------------
     0 | D:1      | bwicke the Palentonga Gladiator began the quest for the
                  | Orb.
     0 | D:1      | Reached XP level 1. HP: 17/17 MP: 1/1
    19 | D:1      | Found a faded altar of an unknown god.
    33 | D:1      | Reached XP level 2. HP: 14/23 MP: 2/2
   586 | D:1      | Reached XP level 3. HP: 26/28 MP: 3/3
   959 | D:2      | Identified a scroll of acquirement
   959 | D:2      | Acquired a +3 lajatang of speed
   962 | D:2      | Reached skill level 4 in Axes
   970 | D:2      | Reached XP level 4. HP: 6/36 MP: 4/4
   973 | D:2      | Slain by a gnoll

Illustrated notes

Levels and vault maps discovered:
D:1:      dreamdust_arrival_beginning_and_end, layout_rooms,
          nicolae_ecumenical_snake_handling
D:2:      layout_rooms, minmay_quantized, uniq_sigmund

Skill      XL: |  1  2  3 |
---------------+----------+-----
Axes           | 4 |  4.1
Fighting       | |  2.7
Throwing       | |  1.5
Dodging        | |  2.8

Action                   |  1- 3 |  4- 6 || total
-------------------------+-------+-------++-------
Melee: War axe           |    75 |       ||    75
       Tailslap          |    11 |       ||    11
       Lajatang          |     9 |     3 ||    12
 Abil: Rolling Charge    |    23 |       ||    23
  Use: Potion            |     2 |       ||     2
       Scroll            |     1 |       ||     1
Armor: Leather armour    |    45 |     1 ||    46
Dodge: Dodged            |    57 |     1 ||    58
